Map: Lost and Found LE

Players

Lambo - Winner!

  • Race: Zerg Zerg
  • Spawn Location: 1:00

TRUE

  • Race: Zerg Zerg
  • Spawn Location: 7:00

Event: WCS Austin 2018

VOD

Have the link to the VOD?

Description

Time

  • Played on: June 2, 2018, 3:31 p.m.
  • Length: 19:20

All games in this series

Show
View Real Time Build Order
Export as new Build Order

Lambo Zerg - Winner!

Build Orders: Hatch First 

Get SALT Encoding   

  12  0:00  Drone  
  13  0:13  Overlord  
  13  0:17  Drone  
  14  0:31  Drone x2  
  16  0:48  Hatchery  
  15  0:51  Drone  
  15  0:55  Drone  
  17  0:58  Drone  
  18  1:09  Extractor  
  17  1:13  Spawning Pool  
  17  1:16  Drone  
  17  1:20  Drone  
  18  1:28  Drone  
  19  1:39  Drone  
  20  1:51  Overlord  
  20  2:00  Drone, Queen  
  24  2:01  Drone, Queen  
  26  2:08  Metabolic Boost  
  26  2:12  Drone  
  26  2:13  Drone  
  28  2:22  Drone x2  
  30  2:33  Overlord  
  30  2:34  Drone  
  30  2:36  Queen  
  33  2:44  Evolution Chamber  
  33  2:45  Drone x2  
  34  2:53  Drone  
  35  3:00  Drone  
  35  3:05  Drone  
  37  3:07  Drone x3  
  37  3:08  Drone  
  41  3:12  Roach Warren  
  41  3:15  Zerg Missile Weapons Level 1  
  41  3:16  Overlord  
  41  3:18  Overlord  
  40  3:25  Evolution Chamber  
  39  3:32  Lair  
  39  3:35  Zergling x8  
  39  3:40  Zergling x2  
  44  3:48  Zergling x8  
  48  3:55  Zergling x2  
  48  3:56  Zergling x2  
  48  4:02  Drone x2  
  52  4:04  Extractor  
  52  4:06  Extractor  
  52  4:07  Drone x2  
  52  4:16  Hatchery  
  51  4:17  Overlord  
  51  4:19  Drone  
  51  4:22  Overlord  
  52  4:30  Overlord, Drone  
  52  4:36  Glial Reconstitution  
  52  4:37  Roach x5  
  57  4:42  Roach  
  59  4:48  Roach  
  59  4:51  Drone x3  
  62  4:55  Roach  
  62  4:56  Roach  
  63  5:02  Drone x3  
  63  5:06  Drone  
  67  5:08  Queen  
  69  5:15  Zerg Missile Weapons Level 2  
  69  5:18  Drone x2  
  69  5:19  Overseer  
  71  5:24  Drone  
  71  5:32  Drone x3  
  71  5:33  Drone x2  
  76  5:40  Zerg Ground Armor Level 1  
  76  5:41  Drone x2  
  78  5:45  Overlord  
  79  5:50  Drone x3  
  79  5:53  Drone  
  81  5:57  Drone x2  
  81  6:03  Extractor, Drone x4  
  85  6:04  Extractor  
  85  6:07  Overlord  
  85  6:08  Roach  
  86  6:11  Overlord  
  86  6:14  Tunneling Claws  
  86  6:15  Burrow  
  86  6:16  Overlord  
  86  6:19  Overlord  
  86  6:22  Overlord  
  86  6:27  Drone  
  85  6:37  Drone x11  
  89  6:42  Drone x3  
  89  6:45  Roach  
  91  6:51  Roach x2  
  91  6:53  Roach  
  97  7:01  Roach x2  
  97  7:03  Roach x4  
  97  7:04  Roach x2  
  97  7:06  Roach  
  115  7:13  Roach x3  
  115  7:14  Overlord, Roach x2  
  115  7:15  Roach  
  121  7:16  Overlord  
  121  7:19  Overlord  
  121  7:22  Overlord  
  121  7:24  Overlord  
  121  7:27  Ravager  
  122  7:39  Roach x2  
  122  7:40  Roach x8  
  122  7:41  Ravager x3  
  122  7:43  Roach x3  
  145  7:45  Drone x3  
  148  7:56  Roach x3  
  148  7:57  Roach x4  
  152  8:00  Hatchery  
  152  8:04  Roach x4  
  159  8:07  Roach x7  
  159  8:08  Overseer  
  159  8:09  Pneumatized Carapace  
  159  8:10  Drone x18  
  161  8:12  Roach  
  161  8:13  Roach  
  161  8:16  Roach x3  
  157  8:20  Drone x13  
  157  8:21  Overseer  
  157  8:23  Overseer, Roach x7  
  153  8:30  Roach x4  
  159  8:35  Overlord  
  159  8:39  Overlord  
  159  8:40  Overlord  
  155  8:42  Overlord  
  155  8:47  Overlord  
  151  8:53  Roach x7  
  155  8:59  Roach x2  
  159  9:03  Roach x2  
  163  9:11  Roach x3  
  169  9:20  Overlord  
  181  9:24  Roach x6  
  181  9:26  Roach x3  
  181  9:27  Roach  
  183  9:34  Roach x4  
  191  9:39  Roach x3  
  193  9:47  Roach x4  
  185  10:03  Roach x9  
  193  10:10  Roach x4  
  193  10:18  Roach x4  
  191  10:25  Roach  
  191  10:26  Roach x3  
  179  10:33  Roach x4  
  165  10:36  Roach  
  165  10:37  Roach  
  165  10:41  Roach x2  
  165  10:45  Roach  
  165  10:46  Roach x2  
  171  10:50  Roach x2  
  171  10:53  Roach x9  
  171  10:54  Roach x5  
  179  11:00  Roach x4  
  177  11:05  Roach x2  
  177  11:09  Roach x4  
  177  11:10  Roach x2  
  172  11:15  Roach x5  
  182  11:22  Roach x4  
  182  11:25  Roach  
  188  11:30  Roach x3  
  182  11:35  Roach x2  
  180  11:41  Roach x3  
  180  11:43  Roach x39  
  169  11:47  Roach x3  
  167  11:55  Roach x4  
  167  12:00  Roach x2  
  171  12:01  Roach x38  
  171  12:03  Roach  
  163  12:11  Roach x3  
  163  12:15  Roach  
  165  12:21  Ravager x3  
  166  12:27  Roach x4  
  174  12:33  Roach x2  
  174  12:36  Roach  
  180  12:41  Roach x2  
  182  12:44  Roach x3  
  182  12:45  Roach x2  
  186  12:52  Roach  
  186  12:53  Roach  
  186  12:56  Roach x2  
  182  13:01  Roach  
  182  13:02  Roach x3  
  166  13:08  Roach x3  
  147  13:13  Roach x2  
  147  13:17  Roach  
  126  13:21  Roach x2  
  126  13:25  Roach x15  
  118  13:29  Roach  
  118  13:34  Roach x2  
  124  13:37  Roach x2  
  124  13:49  Hatchery  
  124  13:50  Ravager x3  
  124  13:54  Roach x2  
  122  14:01  Roach x4  
  122  14:02  Ravager x3  
  131  14:15  Roach x4  
  139  14:22  Roach  
  139  14:24  Roach x2  
  139  14:25  Roach x2  
  139  14:30  Ravager x2  
  149  14:31  Roach x3  
  149  14:33  Drone x15  
  152  14:46  Roach  
  152  14:47  Roach x3  
  158  14:54  Roach x3  
  158  14:56  Roach x5, Ravager  
  165  15:05  Roach  
  165  15:06  Roach x3  
  173  15:07  Roach x3  
  173  15:10  Roach x2  
  177  15:22  Roach x4  
  185  15:30  Roach x3  
  185  15:33  Overseer  
  189  15:36  Roach x2  
  185  15:46  Roach x2  
  184  15:51  Roach x3  
  176  15:59  Roach x2  
  176  16:01  Roach x3  
  176  16:04  Roach x2  
  170  16:36  Spire  
  170  16:39  Extractor  
  168  16:40  Extractor  
  168  16:42  Roach x2  
  165  16:56  Hatchery  
  162  17:33  Overlord  
  162  17:34  Overlord  
  162  17:38  Roach  
  162  17:44  Unknown  
  162  17:49  Hatchery  
  162  17:51  Unknown  
  161  17:55  Mutalisk x8  
  177  18:01  Overseer  
  177  18:05  Mutalisk  
  177  18:10  Unknown x2  
  177  18:12  Drone x3  
  182  18:15  Mutalisk  
  182  18:18  Mutalisk  
  186  18:25  Mutalisk  
  188  18:34  Overlord  
  140  19:08  Roach Warren  
Show
View Real Time Build Order
Export as new Build Order

TRUE Zerg 

Build Orders: Hatch First 

Get SALT Encoding   

  12  0:00  Drone  
  13  0:12  Overlord  
  13  0:16  Drone  
  14  0:30  Drone x2  
  14  0:35  Drone  
  17  0:51  Hatchery  
  17  0:55  Drone  
  17  1:08  Spawning Pool  
  17  1:10  Extractor  
  15  1:13  Drone  
  15  1:16  Drone  
  17  1:20  Drone  
  18  1:28  Drone  
  19  1:38  Drone  
  20  1:49  Drone  
  21  1:59  Drone  
  22  2:02  Queen x2  
  22  2:03  Drone  
  27  2:10  Metabolic Boost, Drone  
  28  2:16  Overlord  
  28  2:30  Hatchery  
  28  2:33  Drone  
  28  2:41  Drone, Queen  
  31  2:47  Baneling Nest  
  31  2:48  Drone  
  31  2:51  Drone  
  32  2:54  Drone  
  32  2:58  Overlord  
  33  3:01  Zergling x2  
  33  3:04  Drone  
  35  3:07  Overlord  
  35  3:17  Zergling x2  
  36  3:32  Zergling x12  
  42  3:41  Overlord  
  42  3:46  Drone x2  
  44  3:48  Lair  
  44  3:52  Drone, Evolution Chamber  
  44  3:53  Drone, Roach Warren  
  44  3:54  Drone  
  45  3:59  Drone x3  
  48  4:06  Drone x3  
  51  4:10  Baneling x2  
  51  4:13  Drone  
  51  4:14  Drone x2  
  51  4:16  Baneling x2  
  53  4:23  Extractor  
  52  4:24  Extractor, Zergling x2  
  52  4:25  Zergling x6  
  52  4:28  Zergling x2  
  54  4:31  Baneling x2  
  54  4:35  Zergling x2  
  54  4:36  Zergling x4  
  57  4:44  Zergling x2  
  58  4:47  Overlord  
  58  4:48  Queen  
  57  4:53  Glial Reconstitution  
  56  5:04  Queen  
  56  5:05  Zerg Missile Weapons Level 1  
  57  5:07  Drone  
  57  5:08  Drone x6  
  57  5:10  Drone  
  57  5:13  Overlord  
  65  5:30  Overlord  
  65  5:31  Overlord  
  65  5:32  Drone x2  
  65  5:33  Drone x3  
  65  5:34  Overlord, Roach  
  72  5:39  Overlord  
  71  5:43  Unknown  
  71  5:44  Evolution Chamber  
  71  5:48  Drone  
  71  5:50  Extractor, Drone x4  
  74  5:57  Overlord  
  74  6:01  Roach x3  
  74  6:02  Roach x2  
  84  6:04  Roach  
  84  6:06  Roach  
  84  6:09  Roach  
  90  6:12  Zerg Ground Armor Level 1  
  90  6:17  Burrow  
  90  6:21  Tunneling Claws  
  90  6:22  Drone  
  90  6:23  Drone x3  
  90  6:24  Extractor  
  90  6:25  Drone  
  92  6:35  Roach x3  
  93  6:43  Roach x2  
  93  6:44  Roach  
  93  6:45  Roach x3  
  93  6:46  Roach  
  104  6:49  Drone x4  
  104  6:51  Drone  
  104  6:52  Overseer  
  109  6:54  Roach  
  109  6:56  Roach  
  109  6:59  Overlord  
  113  7:01  Overlord  
  113  7:03  Overlord  
  113  7:06  Zerg Missile Weapons Level 2  
  113  7:09  Overlord  
  113  7:12  Overlord  
  113  7:14  Overlord  
  113  7:25  Ravager x3  
  113  7:26  Ravager  
  113  7:28  Overlord  
  116  7:30  Hatchery  
  116  7:31  Roach x2  
  116  7:32  Roach  
  116  7:35  Roach  
  116  7:37  Roach x2  
  125  7:39  Roach  
  125  7:41  Roach  
  125  7:42  Roach  
  133  7:45  Roach  
  133  7:46  Roach  
  133  7:49  Roach x3  
  133  7:50  Roach x2  
  141  7:52  Roach  
  141  7:53  Roach x4  
  141  7:55  Roach  
  147  7:59  Overseer  
  147  8:02  Spine Crawler, Roach  
  147  8:03  Roach  
  148  8:06  Roach x2  
  148  8:11  Roach x2  
  154  8:14  Roach  
  154  8:15  Roach  
  154  8:16  Roach  
  154  8:18  Roach  
  154  8:19  Roach  
  159  8:28  Roach x4  
  159  8:32  Roach  
  159  8:34  Roach  
  162  8:35  Roach  
  162  8:38  Roach  
  165  8:47  Roach x3  
  167  8:49  Roach x2  
  167  8:51  Drone  
  167  8:53  Pneumatized Carapace  
  172  8:56  Roach  
  172  8:58  Drone  
  172  8:59  Drone  
  172  9:02  Roach  
  176  9:04  Ravager  
  176  9:05  Overlord  
  176  9:09  Overlord  
  173  9:12  Overlord  
  173  9:14  Drone  
  173  9:15  Drone  
  173  9:16  Drone  
  176  9:19  Overlord  
  176  9:29  Ravager x5  
  181  9:32  Roach  
  181  9:33  Drone  
  181  9:34  Drone x2  
  181  9:35  Roach x2  
  190  9:38  Roach  
  190  9:39  Roach  
  190  9:42  Roach  
  190  9:43  Roach  
  190  9:45  Roach  
  200  9:55  Roach  
  200  9:57  Roach  
  186  10:00  Roach  
  186  10:02  Roach  
  186  10:03  Roach x3  
  186  10:05  Roach  
  186  10:06  Roach  
  185  10:07  Roach x2  
  185  10:08  Roach  
  185  10:09  Roach  
  185  10:11  Roach  
  182  10:15  Roach  
  182  10:16  Roach  
  182  10:17  Roach  
  182  10:19  Roach  
  182  10:20  Roach  
  179  10:23  Roach  
  179  10:25  Roach  
  179  10:27  Roach  
  157  10:28  Roach  
  157  10:31  Roach  
  157  10:34  Roach  
  157  10:35  Roach  
  148  10:36  Roach x20  
  148  10:38  Roach  
  148  10:39  Roach  
  148  10:41  Roach  
  146  10:43  Roach  
  146  10:45  Roach  
  146  10:47  Roach  
  146  10:49  Roach  
  154  10:51  Roach  
  154  10:56  Roach  
  160  10:57  Roach  
  160  10:59  Roach  
  160  11:01  Roach  
  160  11:02  Roach  
  166  11:08  Roach  
  166  11:10  Roach  
  172  11:11  Roach  
  172  11:12  Roach  
  172  11:17  Roach x2  
  172  11:18  Roach x2  
  175  11:20  Overseer  
  175  11:23  Roach  
  175  11:25  Drone x8  
  173  11:26  Roach  
  173  11:31  Roach  
  172  11:35  Roach  
  172  11:39  Drone x2, Roach  
  171  11:42  Roach  
  166  11:48  Roach  
  166  11:55  Roach  
  166  11:59  Roach  
  170  12:04  Roach  
  170  12:05  Drone x8  
  170  12:08  Roach  
  169  12:12  Roach  
  169  12:13  Roach x23  
  162  12:17  Roach  
  164  12:25  Ravager x2  
  164  12:26  Ravager  
  164  12:27  Roach  
  164  12:28  Drone  
  164  12:29  Roach  
  171  12:34  Roach  
  173  12:38  Roach  
  175  12:45  Roach  
  175  12:47  Roach  
  175  12:50  Unknown x4  
  179  12:53  Roach  
  179  12:56  Roach  
  173  12:59  Roach  
  173  13:00  Roach  
  173  13:04  Roach  
  173  13:05  Roach  
  139  13:07  Roach  
  139  13:09  Roach  
  119  13:14  Roach  
  119  13:15  Roach x7  
  119  13:17  Roach  
  119  13:18  Roach  
  103  13:20  Roach  
  103  13:25  Roach  
  92  13:29  Drone x4  
  92  13:31  Roach  
  93  13:35  Roach  
  93  13:40  Roach  
  97  13:45  Ravager  
  97  13:46  Roach x7  
  97  13:47  Roach  
  100  13:52  Roach  
  102  13:56  Roach  
  102  13:59  Roach  
  106  14:03  Roach  
  106  14:08  Roach  
  110  14:11  Roach  
  110  14:13  Ravager  
  110  14:15  Roach x4  
  113  14:18  Roach  
  113  14:21  Roach  
  115  14:26  Roach  
  119  14:31  Roach  
  119  14:34  Roach  
  119  14:37  Roach  
  121  14:42  Roach  
  121  14:45  Roach  
  120  14:49  Roach x5  
  120  14:50  Roach  
  120  14:56  Drone x2  
  120  14:57  Ravager  
  120  14:58  Ravager  
  124  15:03  Unknown x2  
  124  15:06  Drone x2  
  126  15:09  Roach  
  126  15:10  Unknown  
  128  15:14  Roach  
  128  15:17  Roach  
  128  15:21  Roach  
  132  15:24  Roach  
  132  15:27  Roach  
  134  15:31  Roach  
  134  15:37  Roach  
  134  15:38  Roach  
  136  15:43  Roach  
  136  15:46  Roach  
  133  15:50  Roach  
  133  15:52  Unknown x2  
  133  15:56  Roach  
  131  16:00  Roach  
  127  16:06  Roach  
  127  16:10  Unknown  
  125  16:14  Roach  
  125  16:18  Roach  
  125  16:22  Roach  
  125  16:25  Drone  
  124  16:26  Roach  
  124  16:32  Ravager x2  
  125  16:35  Ravager  
  126  16:44  Roach  
  128  16:54  Roach  
  132  17:01  Roach  
  132  17:08  Roach  
  133  17:18  Roach  
  135  17:23  Drone x2  
  135  17:24  Drone  
  135  17:26  Ravager x2  
  135  17:27  Ravager  
  138  17:37  Roach  
  140  17:46  Roach  
  142  17:51  Roach  
  142  17:54  Ravager  
  145  18:00  Roach  
  147  18:06  Roach  
  147  18:10  Roach x2  
  149  18:13  Roach  
  149  18:19  Roach  
  153  18:23  Roach  
  155  18:31  Roach  
  155  18:34  Roach  
  157  18:36  Roach x6  
  157  18:38  Roach  
  157  18:42  Roach  
  157  18:47  Roach  
  156  18:52  Roach  
  135  19:00  Roach  
Tags
 
Add a new tag
Caveats
  • Supply blocks, unpowered buildings, or Contaminate may cause inaccurate times.
  • Supply counts are checked every 10 seconds.